Zazza, lawful female dwarven Valkyrie ---------------- |..............| ----- |....>.........| |.... |..............| ##....| |...............# # # |...| ----------------# ###@######....| # d # ----- # # # # # # ### ----------# # # |........-# #### ###|........| #----- #-........| #|.... |........-## #....| ---------- # |...| ########-.... ----- Zazza the Fighter Experience level: 8 Strength: 18 Dexterity: 16 Constitution: 17 Intelligence: 8 Wisdom: 9 Charisma: 9 Health: 80(83) Energy: 9(9) Def: 11 Gold: 315 Moves: 6559 Dungeon seed: 0HXIb0YVFUiQuP5F Game ID: Zazza_1525964347 Your Inventory: Coins $ - 315 gold pieces Weapons a - the blessed rustproof +1 Excalibur (weapon in hand) b - a +0 dagger h - a +0 orcish dagger Z - 2 blessed +1 knives Armor c - an uncursed +0 orcish helm (being worn) e - an uncursed +3 small shield (being worn) N - an uncursed +0 mummy wrapping (being worn) W - an uncursed +0 banded mail (being worn) Comestibles A - 2 uncursed lembas wafers D - 3 uncursed food rations J - an uncursed slime mold R - an uncursed candy bar Scrolls o - an uncursed scroll of identify p - an uncursed scroll of genocide u - an uncursed scroll of amnesia H - 2 uncursed scrolls of earth O - an uncursed scroll of charging P - 2 uncursed scrolls of blank paper Spellbooks k - an uncursed spellbook of cure blindness I - an uncursed spellbook of wizard lock Potions j - a blessed potion of gain level l - 2 uncursed potions of invisibility s - an uncursed potion of sleeping z - an uncursed potion of speed G - an uncursed potion of fruit juice Rings w - an uncursed ring of polymorph control C - an uncursed -1 ring of increase accuracy L - an uncursed ring of levitation M - an uncursed ring of fire resistance S - an uncursed +2 ring of increase damage U - an uncursed ring of slow digestion V - an uncursed ring of levitation Wands B - a wand of locking (0:8) T - a wand of magic missile (0:6) Tools d - an uncursed oil lamp (0:0) i - an uncursed blindfold q - an uncursed magic lamp t - an uncursed bag of holding x - an uncursed bag of holding F - an uncursed pair of lenses (being worn) Gems y - 3 uncursed worthless pieces of violet glass Contents of the bag of holding: an uncursed tin of newt meat Contents of the bag of holding: an uncursed worthless piece of white glass Spells and supernatural/magical abilities: Name Level Category Fail Memory w - wizard lock 2 matter 100% 90% B - cure blindness 2 healing 100% 69% W - pray for help -- divine ? -- Your skills at the end: Fighting Skills Weapon Skills dagger [Basic] long sword [Skilled] Spellcasting Skills Final Attributes: You were piously aligned. You were cold resistant. You were level-drain resistant. You were telepathic. You had automatic searching. You had infravision. You were stealthy. You were fast. You were unlucky. Tyr was angry with you. You are dead. Vanquished creatures: 3 ghosts a large mimic a watchman a leprechaun an iron piercer a gold golem a lizard a dingo a soldier ant 3 Mordor orcs a rock piercer 2 rock moles 2 yellow lights a gnome lord a kobold mummy a red naga hatchling a guardian naga hatchling 3 gray oozes 2 ghouls a straw golem a paper golem a baby crocodile 4 giant ants a little dog 8 floating eyes 2 homunculi a kobold lord 2 rothes a rabid rat a centipede a monkey an orc zombie 5 dwarf zombies a werejackal an iguana 14 killer bees 2 acid blobs a coyote 3 gas spores a hobbit 8 manes a large kobold 4 giant rats 2 cave spiders 2 brown molds a yellow mold 2 green molds 2 red molds 7 gnomes 7 garter snakes a gecko 2 jackals a fox a kobold 2 goblins 6 grid bugs 6 lichens a kobold zombie 9 newts 146 creatures vanquished. Voluntary challenges: You had been an atheist until turn 2225. You used a wielded weapon 155 times, starting on turn 44. You read items or engraved 7 times, starting on turn 248. You never genocided any monsters. You never polymorphed an object. You never changed form. You used no wishes. You never split a pudding. You never wrote Elbereth's name. You violated your moral code, losing 15 points of alignment, starting on turn 2562. Dungeon overview: The Dungeons of Doom: levels 1 to 8 Level 1 some fountains a long staircase Level 2 a fountain stairs to The Gnomish Mines Level 3 Level 4 an altar to Odin, a fountain Level 5 many fountains Level 6 an altar to Loki, a fountain stairs to Sokoban Level 7 Level 8 <- You were here The Gnomish Mines: levels 3 to 5 Level 3 stairs to The Dungeons of Doom Level 4 Level 5 many shops, a temple to Odin, a fountain Sokoban: levels 4 to 5 Level 4 Level 5 stairs to The Dungeons of Doom History has recorded: On T:1 you entered the Dungeons of Doom to retrieve the Amulet of Yendor! On T:155 you advanced to experience level 2. On T:325 you reached level 2 of The Dungeons of Doom. On T:846 you reached level 1 of The Gnomish Mines. On T:917 you advanced to experience level 3. On T:1465 you reached level 2 of The Gnomish Mines. On T:1506 you advanced to experience level 4. On T:2033 you reached level 3 of The Gnomish Mines. On T:2404 you advanced to experience level 5. On T:3069 you reached level 3 of The Dungeons of Doom. On T:3485 you advanced to experience level 6. On T:3566 you reached level 4 of The Dungeons of Doom. On T:4526 you advanced to experience level 7. On T:4851 you reached level 5 of The Dungeons of Doom. On T:5170 you reached level 6 of The Dungeons of Doom. On T:5803 you reached level 4 of Sokoban. On T:6143 you reached level 3 of Sokoban. On T:6314 you reached level 7 of The Dungeons of Doom. On T:6389 you reached level 8 of The Dungeons of Doom. On T:6534 you advanced to experience level 8. Score breakdown: Gold: 315 ( 8503 points) Experience: 8 levels (14739 points) Exploration: 8 levels ( 16.33%) (11456 points) Discoveries: 5 items ( 2.04%) ( 4285 points) Valuables value: (no points given unless you survive) Artifact value: 4000 (12253 points) Variety of kills: 59 monsters ( 15.49%) (11805 points) Turncount: 6559 turns (-1755 points) Survival: died (score multiplied by 80%) Total score: 49028 Latest messages: The door opens. (2x) You hit the lizard! The lizard bites! You hit the lizard! You kill the lizard! Welcome to experience level 8. You see here a lizard corpse. The little dog bites! (2x) You hit the little dog! The little dog bites! The little dog devours a food ration. You see here a lizard corpse. Ulch! That meat was tainted! You feel deathly sick. You begin praying to Tyr. You feel that Tyr is displeased. The little dog eats a lizard corpse. You die from your illness. Final status: Farvel Zazza the Valkyrie, poisoned by a rotted floating eye corpse... You were poisoned in The Dungeons of Doom on dungeon level 8 with 49028 points, and 315 pieces of gold, after 6559 moves. You were level 8 with a maximum of 83 hit points when you were poisoned.